 Dungeon Crawl Stone Soup version 0.22.1-1-ga44c0e5 (webtiles) character file.

72 wotfoxis the Slasher (level 4, -1/37 HPs)
             Began as a Demonspawn Monk on Oct 20, 2018.
             Slain by a gnoll
             ... wielding a +0 whip
              (7 damage)
             ... on level 2 of the Dungeon.
             The game lasted 00:05:07 (1615 turns).

wotfoxis the Slasher (Demonspawn Monk)              Turns: 1615, Time: 00:05:09

Health: -1/37      AC:  2    Str: 12    XL:     4   Next: 6%
Magic:  0/4        EV: 13    Int: 12    God:
Gold:   70         SH:  0    Dex: 15    Spells: 3/3 levels left

rFire    . . .     SeeInvis .   a - +0 falchion
rCold    . . .     Gourm    .   (no shield)
rNeg     . . .     Faith    .   b - +0 robe
rPois    .         Spirit   +   (no helmet)
rElec    .         Reflect  .   (no cloak)
rCorr    .         Harm     .   (no gloves)
MR       .....                  (no boots)
Stlth    ++........             (no amulet)
HPRegen  0.12/turn              (no ring)
MPRegen  0.18/turn              (no ring)

@: no status effects
A: magic shield, magic regeneration
a: no special abilities


You were on level 2 of the Dungeon.
You were not hungry.

You visited 1 branch of the dungeon, and saw 2 of its levels.

You collected 70 gold pieces.

Inventory:

Hand Weapons
 a - a +0 falchion (weapon)
Armour
 b - a +0 robe (worn)
Jewellery
 h - a +4 amulet of reflection {unknown}
Scrolls
 d - a scroll of remove curse {unknown}
 g - a scroll of blinking {unknown}
 j - a scroll of amnesia {unknown}
 k - a scroll of enchant weapon {unknown}
Potions
 e - 2 potions of mutation {unknown}
 f - a potion of magic {unknown}
 i - a potion of degeneration {unknown}
 l - a potion of curing {unknown}
Comestibles
 c - 2 rations
 m - 4 chunks of flesh


   Skills:
 + Level 3.6 Fighting
 * Level 3.8 Long Blades
 - Level 3.0 Dodging
 - Level 1.7 Stealth


You had 3 spell levels left.
You didn't know any spells.
Your spell library was empty.

Dungeon Overview and Level Annotations

Branches:
Dungeon (2/15)

Altars:
Gozag
Hepliaklqana

Shops:
D:2 *


Innate Abilities, Weirdness & Mutations

When hurt, damage is shared between your health and your magic reserves.
You regenerate magic rapidly.


Message History

You hit the gnoll but do no damage.
The gnoll is lightly wounded.
The gnoll hits you but does no damage.
You barely miss the gnoll.
The gnoll is lightly wounded.
A gnoll comes into view. It is wielding a spear.
The gnoll hits you but does no damage.
You barely miss the gnoll.
The gnoll is lightly wounded.
The gnoll closely misses you.
You closely miss the gnoll.
The gnoll is lightly wounded.
The gnoll barely misses you.
You closely miss the gnoll.
The gnoll is lightly wounded.
The gnoll closely misses you.
The gnoll hits you from afar with a spear.
* * * LOW HITPOINT WARNING * * *
The gnoll hits you with a whip!
You die...

#.###. #....###'
..##.######........
###.##
#....#####.###
....#.#.##.# #.# #
#†.#.#.##.#####.# #
#..#.#.##.......#
#gw#.#.##########
###g#.#.#####...#
#####..@#.#....÷(.#
........#.#...#####
..............#
.......#..#...#
.......#..#...#
.......#..#...#
.......##.##.##
....... #.##.#
####### #.##.#


You could see a worm and 2 gnolls.

Vanquished Creatures
  A gnoll (D:2)
  2 adders (D:2)
  An ooze (D:1)
  4 dart slugs (D:1)
  A leopard gecko (D:1)
  A giant cockroach (D:2)
  2 goblins (D:1)
  3 hobgoblins
  4 jackals (D:1)
  6 kobolds
  A bat (D:1)
  3 frilled lizards
  3 rats
32 creatures vanquished.

Notes
Turn   | Place    | Note
-------+----------+-------------------------------------------
     0 | D:1      | wotfoxis the Demonspawn Monk began the quest for the Orb.
     0 | D:1      | Reached XP level 1. HP: 18/18 MP: 1/1
   305 | D:1      | Gained mutation: When hurt, damage is shared between your
                  | health and your magic reserves. [demonic ancestry]
   305 | D:1      | Reached XP level 2. HP: 24/24 MP: 2/2
   690 | D:1      | Gained mutation: You regenerate magic rapidly. [demonic
                  | ancestry]
   690 | D:1      | Reached XP level 3. HP: 29/29 MP: 3/3
  1024 | D:2      | Found an opulent altar of Gozag.
  1031 | D:2      | Found a hazy altar of Hepliaklqana.
  1052 | D:2      | Found Gozag's Platinum Reserve.
  1604 | D:2      | Reached XP level 4. HP: 23/37 MP: 2/4
  1615 | D:2      | Slain by a gnoll

Skill      XL: |  1  2 |
---------------+-------+-----
Long Blades    | 3 |  3.8
Dodging        | 3 |  3.0
Fighting       | |  3.6
Stealth        | |  1.7

Action                   |  1- 3 |  4- 6 || total
-------------------------+-------+-------++-------
Melee: Falchion          |   103 |     8 ||   111
 Stab: Sleeping          |     3 |       ||     3
  Eat: Chunk             |     2 |       ||     2
Armor: Robe              |    12 |     1 ||    13
Dodge: Dodged            |    84 |     5 ||    89
       Rpst.: Falchion   |    34 |     2 ||    36
